 Seeded DCSS version 0.31-a0-844-gdc52ec4e09 (webtiles) character file.

Game seed: 4650116273386822121 (custom seed)

1099 qw the Skirmisher (level 8, 49/49 HPs)
             Began as a Gargoyle Hunter on Sept 29, 2023.
             Was a Follower of Okawaru.
             Quit the game on level 6 of the Dungeon.
             The game lasted 00:02:51 (3570 turns).

qw the Skirmisher (Gargoyle Hunter)                 Turns: 3570, Time: 00:02:52

Health: 49/49      AC: 13    Str: 14    XL:     8   Next: 32%
Magic:  10/11      EV: 17    Int: 11    God:    Okawaru [*.....]
Gold:   343        SH:  0    Dex: 15    Spells: 7/7 levels left

rFire   . . .        Y - +2 shortbow (drain)
rCold   . . .        (shield currently unavailable)
rNeg    + . .        m - +3 leather armour
rPois   inf          (no helmet)
rElec   +            (no cloak)
rCorr   .            (no gloves)
SInv    .            k - +1 pair of boots
Will    .....        h - amulet of regeneration
Stlth   ++           f - +5 ring of evasion
HPRegen 1.08/turn    (no ring)
MPRegen 0.12/turn

%: no passive effects
@: no status effects
A: sickness immunity, AC +5, negative energy resistance 1, electricity
resistance, torment resistance 1, petrification resistance
a: Renounce Religion, Heroism


You were on level 6 of the Dungeon.
You worshipped Okawaru.
Okawaru was aware of your devotion.
You visited 2 branches of the dungeon, and saw 7 of its levels.

You collected 343 gold pieces.


Innate Abilities, Weirdness & Mutations

You are immune to sickness and miasma.
Your stone body is resilient. (AC +5)
You are immune to poison.
You resist negative energy. (rN+)
You are resistant to electric shocks. (rElec)
You are resistant to unholy torment.
You are immune to petrification.


   Skills:
 - Level 5.0 Fighting
 + Level 8.2 Ranged Weapons
 - Level 1.0 Armour
 - Level 2.4 Dodging
 - Level 1.1 Stealth
 - Level 4.0 Invocations


You had 7 spell levels left.
You didn't know any spells.
Your spell library was empty.

Inventory:

Hand Weapons
 Y - a +2 shortbow of draining (weapon)
Armour
 g - a +0 robe of fire resistance
 k - a +1 pair of boots (worn)
 m - a +3 leather armour (worn)
Jewellery
 f - a +5 ring of evasion (left hand)
 h - an amulet of regeneration (around neck)
Potions
 a - a potion of haste
 c - a potion of might
 d - a potion of curing {unknown}
 e - a potion of degeneration {unknown}
 i - a potion of heal wounds
 j - a potion of ambrosia {unknown}
 n - a potion of magic {unknown}

Dungeon Overview and Level Annotations

Branches:
Dungeon (6/15)             Temple (1/1) D:4

Altars:
Cheibriados
Dithmenos
Elyvilon
Fedhas
Gozag
Hepliaklqana
Kikubaaqudgha
Nemelex Xobeh
Okawaru
Qazlal
Ru
Trog
Uskayaw
Vehumet
Wu Jian
Xom

Shops:
D:2 (


Message History

You shoot an arrow. The arrow hits the ogre!
You drain the ogre.
The ogre is heavily wounded.
You shoot an arrow. The arrow hits the ogre!
You drain the ogre.
The ogre is almost dead.
You shoot an arrow. The arrow hits the ogre.
You kill the ogre!
Okawaru accepts your kill.
Your Invocations skill increases to level 4!
You shoot an arrow.
The arrow hits the adder but does no damage.
You drain the adder.
The adder is lightly wounded.
The adder barely misses you.
You shoot an arrow. The arrow barely misses the adder.
The adder barely misses you.
You shoot an arrow. The arrow barely misses the adder.
The adder misses you.
You shoot an arrow. The arrow hits the adder!
You kill the adder!
Okawaru accepts your kill. [Hit ESC to exit interpreter.] > dsay(c_persist.potion_ident)
3570 ||| { ["heal wounds"] = true, ["lignification"] = true, ["lignification"] = true, ["haste"] = true, } >
Okay, then.
Saving game... please wait.
Welcome back, qw the Gargoyle Hunter.
Game seed: 4650116273386822121 (custom seed) Okawaru says: Bring me glory in combat!
Press ? for a list of commands and other information.
3570 ||| PLANNING D:1-11 [Hit ESC to exit interpreter.] > dsay(remove_message_tags("hi there"))
3570 ||| hi there > dsay("hi there")
3570 ||| hi there > dsay(remove_message_tags(""))
3570 ||| > Are you sure you want to abandon this character and quit the game? (Confirm with "yes".)

.# .# .# .# .######
##......# #.%).....
########.# #@#
#.......!# #.#
#........###.#####.#
#........+.........#
#........###.#######
#........# #.#
###........###.#
#..........'...#
#..........#####


There were no monsters in sight!

Vanquished Creatures
  Prince Ribbit (D:5)
  A black bear (D:5)
  3 ogres
  A scorpion (D:5)
  3 killer bees (D:4)
  A hound (D:6)
  A sleepcap (D:4)
  2 iguanas (D:5)
  3 orc wizards
  3 gnolls (D:5)
  A river rat (D:3)
  4 adders
  A shadow imp (D:5)
  3 worms
  3 dart slugs
  14 orcs
  11 endoplasms
  4 giant cockroaches
  5 goblins
  5 hobgoblins
  5 kobolds
  6 quokkas
  8 ball pythons
  5 bats
  2 frilled lizards
  3 rats
99 creatures vanquished.

Notes
Turn   | Place    | Note
-------+----------+-------------------------------------------
     0 | D:1      | qw the Gargoyle Hunter began the quest for the Orb.
     0 | D:1      | Reached XP level 1. HP: 12/12 MP: 1/1
     0 | D:1      | 0 ||| qw: Version: 0.3-a-95-g97b8be4
     0 | D:1      | 0 ||| qw: Game counter: 49
     0 | D:1      | 0 ||| qw: Melee chars always use a shield: true
     0 | D:1      | 0 ||| qw: God list: Okawaru
     0 | D:1      | 0 ||| qw: Allow faded altars: false
     0 | D:1      | 0 ||| qw: Do Orc after clearing Dungeon:15 true
     0 | D:1      | 0 ||| qw: Do second Lair branch before Depths: true
     0 | D:1      | 0 ||| qw: Lair rune preference: random
     0 | D:1      | 0 ||| qw: Goals: Normal, Save, Zot:1-4, Win
     0 | D:1      | 0 ||| PLANNING D:1-11
    59 | D:1      | Reached XP level 2. HP: 17/17 MP: 2/2
   222 | D:1      | Reached XP level 3. HP: 21/21 MP: 3/3
   253 | D:1      | Reached skill level 5 in Ranged Weapons
   578 | D:1      | 578 ||| UPGRADING to +5 ring of evasion.
   579 | D:1      | 579 ||| READING scroll labelled LAEHI BEGGOAT.
   580 | D:1      | 580 ||| READING scroll labelled VOLOR SAGATOHE.
   581 | D:1      | 581 ||| READING 2 scrolls labelled CINGURYQO.
   582 | D:1      | 582 ||| READING scroll labelled MYUHAFU AG VUH.
   598 | D:1      | 598 ||| READING scroll of identify.
   598 | D:1      | 598 ||| IDENTIFYING puce potion
   599 | D:1      | 599 ||| DROPPING scroll of butterflies.
   600 | D:1      | 600 ||| DROPPING potion of lignification.
   739 | D:2      | Reached skill level 3 in Fighting
   902 | D:2      | Found Likharch's Antique Weapon Boutique.
  1024 | D:2      | Found a shadowy altar of Dithmenos.
  1270 | D:2      | 1270 ||| UPGRADING to +0 ring mail.
  1280 | D:2      | 1280 ||| DROPPING +0 leather armour.
  1281 | D:2      | 1281 ||| UPGRADING to amulet of regeneration.
  1286 | D:2      | 1286 ||| READING scroll labelled CYDAUWIASM.
  1287 | D:2      | 1287 ||| READING scroll labelled LOUXEU DEVVOUQ.
  1291 | D:2      | 1291 ||| DRINKING 2 smoky green potions.
  1317 | D:3      | 1317 ||| PLANNING SEWER
  1353 | D:3      | Reached skill level 1 in Armour
  1353 | D:3      | Reached XP level 4. HP: 28/28 MP: 4/4
  1579 | D:3      | Found a hazy altar of Hepliaklqana.
  1665 | D:3      | Reached XP level 5. HP: 32/32 MP: 5/5
  2066 | D:3      | 2066 ||| RIP SEWER
  2080 | D:3      | 2080 ||| PLANNING D:1-11
  2080 | D:3      | 2080 ||| UPGRADING to +0 robe of fire resistance.
  2090 | D:3      | 2090 ||| DROPPING ring of wizardry.
  2091 | D:3      | 2091 ||| READING scroll labelled WITHROGRE SESOO.
  2092 | D:3      | 2092 ||| READING scroll labelled MAD CUJOEROMMYL.
  2093 | D:3      | 2093 ||| DRINKING 2 metallic coppery potions.
  2094 | D:3      | 2094 ||| READING scroll of identify.
  2094 | D:3      | 2094 ||| IDENTIFYING metallic sapphire potion
  2108 | D:4      | Noticed an ogre
  2112 | D:4      | 2112 ||| STAIRDANCE
  2117 | D:4      | 2117 ||| STAIRDANCE
  2123 | D:4      | Killed an ogre
  2124 | D:4      | Reached skill level 6 in Ranged Weapons
  2226 | D:4      | Reached XP level 6. HP: 37/37 MP: 6/6
  2439 | D:4      | Found a staircase to the Ecumenical Temple.
  2440 | D:4      | 2440 ||| PLANNING TEMPLE
  2440 | D:4      | 2440 ||| READING 2 scrolls labelled HEINAA XETHREG.
  2442 | D:4      | 2442 ||| READING scroll of enchant weapon.
  2442 | D:4      | 2442 ||| ENCHANTING +1 shortbow of draining.
  2443 | D:4      | 2443 ||| READING scroll labelled ZIS BOID SELUARCHY.
  2527 | Temple   | Entered the Ecumenical Temple
  2528 | Temple   | 2528 ||| PLANNING OKAWARU WORSHIP
  2536 | Temple   | Became a worshipper of Warmaster Okawaru
  2537 | Temple   | 2537 ||| PLANNING D:1-11
  2637 | D:4      | Identified the staff of Harmony {rElec rPois rF- rC++ Int+2
                  | Air}
  2645 | D:4      | Reached skill level 7 in Ranged Weapons
  2691 | D:4      | 2691 ||| RETREEAATING.
  2704 | D:4      | Reached XP level 7. HP: 30/43 MP: 7/7
  2855 | D:4      | 2855 ||| DROPPING +0 ring mail.
  2856 | D:4      | 2856 ||| UPGRADING to +0 pair of boots.
  2861 | D:4      | 2861 ||| UPGRADING to +3 leather armour.
  2871 | D:4      | 2871 ||| READING scroll labelled VUMIJU UFRO.
  2959 | D:5      | Entered Level 5 of the Dungeon
  3019 | D:5      | Reached * piety under Okawaru
  3035 | D:5      | Reached skill level 1 in Invocations
  3058 | D:5      | Found a sacrificial altar of Ru.
  3115 | D:5      | Found a sparkling altar of Nemelex Xobeh.
  3182 | D:5      | Reached skill level 8 in Ranged Weapons
  3280 | D:5      | Found an ornate altar of the Wu Jian Council.
  3297 | D:5      | Noticed Prince Ribbit
  3298 | D:5      | 3298 ||| INVOKING Heroism.
  3306 | D:5      | Killed Prince Ribbit
  3307 | D:5      | Reached skill level 3 in Invocations
  3307 | D:5      | Reached XP level 8. HP: 48/48 MP: 6/10
  3359 | D:5      | Noticed a +0 hand axe
  3359 | D:5      | Noticed a +0 hand axe
  3365 | D:5      | Found a hide-covered altar of Uskayaw.
  3511 | D:5      | 3511 ||| READING 2 scrolls labelled HAMNOCKA AXTY.
  3512 | D:5      | 3512 ||| READING scroll of enchant armour.
  3512 | D:5      | 3512 ||| ENCHANTING +0 pair of boots.
  3513 | D:5      | 3513 ||| READING 2 scrolls labelled FIDOHA UFAROM.
  3514 | D:5      | 3514 ||| DROPPING scroll of vulnerability.
  3570 | D:6      | 3570 ||| PLANNING D:1-11
  3570 | D:6      | 3570 ||| 3570 ||| hi there
  3570 | D:6      | 3570 ||| 3570 |||
  3570 | D:6      | Quit the game

Levels and vault maps discovered:
D:1:      moated_graveyard_arrival, layout_basic, st_stairs_12, minmay_3d_cube
D:2:      layout_loops_cross, serial_shops, nicolae_lakefront_shop, basic_altar,
          ebering_dispersal_statue_hall
D:3:      layout_basic, lemuel_coloured_pillars_altar, gup_sewer_entry_bowl
D:4:      layout_basic, minmay_temple_entry_statues_fountains,
          corexii_item_surrounded_by_moat
D:5:      layout_cave_pools, nicolae_overflow_hidden_temple,
          nicolae_ru_the_path_less_chosen, nemelex_spade_bored_becter,
          dancing_weapons_uskayaw, uniq_prince_ribbit1
D:6:      layout_basic, uniq_menkaure
Temple:   jpeg_temple_clearing

Skill      XL: |  1  2  3  4  5  6  7  8 |
---------------+-------------------------+-----
Ranged Weapons | 5 6 7 8 |  8.2
Fighting       | 3 4 5 |  5.0
Armour         | 1 |  1.0
Dodging        | 2 |  2.4
Invocations    | 3 4 |  4.0
Stealth        | |  1.1

Action                     |  1- 3 |  4- 6 |  7- 9 || total
---------------------------+-------+-------+-------++-------
   Fire: Shortbow          |    99 |   111 |    88 ||   298
 Invoke: Heroism           |       |       |     1 ||     1
    Use: Scroll            |     7 |     6 |     4 ||    17
         Potion            |     1 |     1 |       ||     2
 Armour: Leather armour    |    19 |       |     3 ||    22
         Ring mail         |       |     5 |       ||     5
         Robe              |       |    12 |     8 ||    20
  Dodge: Dodged            |    15 |    34 |    26 ||    75

Table legend:
 A = Non-vault XP
 B = Vault XP
 C = Vault XP percentage of total XP
 D = Non-vault monster count
 E = Vault monster count
 F = Vault count percentage of total count
                 A         B        C        D         E       F
            +---------+---------+-------+---------+---------+-------
      Total |    1279 |     292 |  18.6 |      87 |      12 |  12.1
            +---------+---------+-------+---------+---------+-------
        D:1 |      36 |      14 |  28.0 |      22 |       7 |  24.1
        D:2 |      28 |       0 |   0.0 |       8 |       0 |   0.0
        D:3 |      77 |      23 |  23.0 |      15 |       4 |  21.1
        D:4 |     590 |       0 |   0.0 |      25 |       0 |   0.0
        D:5 |     356 |     255 |  41.7 |      13 |       1 |   7.1
        D:6 |     192 |       0 |   0.0 |       4 |       0 |   0.0
            +---------+---------+-------+---------+---------+-------
